Binghampton Senators vs Toronto Marlies

Created - 17 novembre 2020 at 12:29

Goals
1 2 3 T
Binghampton Senators 1 4 1 6
Toronto Marlies 1 0 0 1
Shots
1 2 3 T
Binghampton Senators 6 9 10 25
Toronto Marlies 3 13 2 18

1st period

1. Binghampton Senators , Kevin Porter 2 (Lane Pederson 2, Eric Robinson 1) at 16:23
2. Toronto Marlies , Nathan Walker 1 (Vili Saarijarvi 1, Nick Shore 4) at 18:37

Penalties :
Andrew MacWilliam (MAR) for Fighting (Major) at 3:23, Trevor Carrick (SEN) for Fighting (Major) at 3:23

2nd period

3. Binghampton Senators , Kevin Porter 3 (Justin Kirkland 1, Tobias Bjornfot 1) at 3:11
4. Binghampton Senators , Justin Kirkland 1 (Kevin Porter 1, Eric Robinson 2) at 6:02
5. Binghampton Senators , Lane Pederson 1 (Trevor Carrick 2, Roland McKeown 1) at 8:37
6. Binghampton Senators , Connor Dewar 1 (Lane Pederson 3, Kevin Porter 2) at 12:27

Penalties :
Carter Camper (MAR) for Fighting (Major) at 1:35, Lane Pederson (SEN) for Fighting (Major) at 1:35, Michael McCarron (MAR) for Fighting (Major) at 8:56, Vinni Lettieri (SEN) for Fighting (Major) at 8:56

3rd period

7. Binghampton Senators , Brandon Gignac 2 (Eric Robinson 3, Anthony Greco 2) at 13:05

Penalties :
No Penalty

Goalie Stats

Jon Gillies (SEN), 17 saves from 18 shots - (0,944), W, 2-1-0, 60:00 minutes
Spencer Martin (MAR), 7 saves from 11 shots - (0,636), L, 1-2-0, 28:37 minutes
Unknown Goalie (MAR), 12 saves from 14 shots - (0,857), 31:23 minutes

Players Stats for Binghampton Senators

Player Name              G  A  P  +/- PIM S  H  SB GA TA FO     MP     PP MP  PK MP  
------------------------------------------------------------------------------------
Anthony Greco            0  1  1   1  0   1  3  1  2  0  1/2    19:58   0:00   0:00 
Beck Malenstyn           0  0  0   1  0   0  4  0  1  0  2/2    11:58   0:00   0:00 
Ben Jones                0  0  0   0  0   0  1  0  0  0  1/1     5:22   0:00   0:00 
Brandon Gignac           1  0  1   3  0   2  0  0  0  0  0/4    12:19   0:00   0:00 
Connor Dewar             1  0  1   1  0   2  1  1  0  0  0/0    11:58   0:00   0:00 
Dylan Coghlan            0  0  0   1  0   1  0  1  0  0  0/0    20:07   0:00   0:00 
Eric Robinson            0  3  3   1  0   4  1  1  1  0  0/0    19:41   0:00   0:00 
Jake Bischoff            0  0  0   1  0   0  1  1  0  0  0/0    16:53   0:00   0:00 
Jansen Harkins           0  0  0   0  0   2  1  0  0  0  0/3    11:57   0:00   0:00 
Jonah Gadjovich          0  0  0   0  0   2  2  0  0  0  0/1    11:57   0:00   0:00 
Justin Kirkland          1  1  2   3  0   2  1  0  0  1  0/0    16:24   0:00   0:00 
Kevin Porter             2  2  4   3  0   3  1  1  0  0  0/0    16:24   0:00   0:00 
Lane Pederson            1  2  3   2  5   3  2  0  1  0  2/8    19:33   0:00   0:00 
Roland McKeown           0  1  1   3  0   0  0  1  0  0  0/0    24:29   0:00   0:00 
Tobias Bjornfot          0  1  1   1  0   0  3  0  0  0  0/0    20:07   0:00   0:00 
Trevor Carrick           0  1  1   3  5   1  1  5  0  0  0/0    21:58   0:00   0:00 
Vinni Lettieri           0  0  0   0  5   2  3  0  3  0  15/21  22:27   0:00   0:00 
Wiley Sherman            0  0  0   1  0   0  1  0  0  2  0/0    16:25   0:00   0:00 

Players Stats for Toronto Marlies

Player Name              G  A  P  +/- PIM S  H  SB GA TA FO     MP     PP MP  PK MP  
------------------------------------------------------------------------------------
Andrew MacWilliam        0  0  0  -1  5   1  1  0  0  0  0/0    15:14   0:00   0:00 
Anthony Louis            0  0  0  -3  0   1  0  1  0  0  2/2    16:53   0:00   0:00 
Ben Gleason              0  0  0   0  0   0  0  0  0  0  0/0     4:14   0:00   0:00 
Carter Camper            0  0  0  -2  5   1  1  1  0  0  5/8    19:24   0:00   0:00 
Evgeny Svechnikov        0  0  0  -3  0   2  0  0  1  0  1/1    19:18   0:00   0:00 
Fredrik Claesson         0  0  0  -5  0   1  0  3  0  0  0/0    22:45   0:00   0:00 
Keegan Lowe              0  0  0   0  0   0  0  1  0  1  0/0     9:44   0:00   0:00 
Mason Marchment          0  0  0  -1  0   0  3  0  0  0  3/3    18:17   0:00   0:00 
Matthew Highmore         0  0  0  -2  0   3  3  0  1  1  0/2    19:30   0:00   0:00 
Michael McCarron         0  0  0  -1  5   3  3  1  0  1  0/1    21:11   0:00   0:00 
Michael Mersch           0  0  0  -2  0   0  0  0  0  0  1/1    15:14   0:00   0:00 
Nathan Walker            1  0  1   0  0   3  2  0  0  1  0/1    19:29   0:00   0:00 
Nick Shore               0  1  1  -1  0   3  2  0  0  2  9/23   23:17   0:00   0:00 
Nicolas Meloche          0  0  0   0  0   0  0  0  0  1  0/0     9:35   0:00   0:00 
Rinat Valiev             0  0  0  -1  0   0  1  2  0  0  0/0    16:48   0:00   0:00 
Ryan Stanton             0  0  0   1  0   0  1  1  1  0  0/0    12:38   0:00   0:00 
Timothy Liljegren        0  0  0  -5  0   0  1  0  0  0  0/0    22:34   0:00   0:00 
Vili Saarijarvi          0  1  1   1  0   0  0  2  0  1  0/0    13:52   0:00   0:00 

3 Stars

1 - Kevin Porter (SEN)
2 - Justin Kirkland (SEN)
3 - Eric Robinson (SEN)

Power Play

Binghampton Senators - 0 on 0 Attempt(s) - 0,00%
Toronto Marlies - 0 on 0 Attempt(s) - 0,00%

Penalty Kill

Binghampton Senators - 0 on 0 Attempt(s) - 0,00% - Score 0 goal in Penalty Kill
Toronto Marlies - 0 on 0 Attempt(s) - 0,00% - Score 0 goal in Penalty Kill

Team Stat

Binghampton Senators - Hits : 26 - Faceoff Wins : 21 - Blocked Shots : 12 - Penalty Minutes : 15
Toronto Marlies - Hits : 18 - Faceoff Wins : 21 - Blocked Shots : 12 - Penalty Minutes : 15

Official

Referees : Ian Walsh and Conor O'Donnell
Linesman : Kiel Murchison and Kelsey Mahoney

Game Notes

Trevor Carrick beats up Andrew MacWilliam at 3:23 of 1st period
Lane Pederson beats up Carter Camper at 1:35 of 2nd period
Unknown Goalie enters game at 8:37 of 2nd period
Michael McCarron beats up Vinni Lettieri at 8:56 of 2nd period

Finance

Level 1 -- Attendance: 1856 (92,80%) -- Ticket Income 46 400 $
Level 2 -- Attendance: 959 (95,90%) -- Ticket Income 11 508 $
Total Attendance: 2815 (93,83%)
Total Ticket Income: 57 908 $
Other Income: 28 375 $
Total Income: 86 283 $

Binghampton Senators

5 vs 5 Forward 
   Center                   Left Wing                Right Wing               Time % Phy DF OF 
 1 Vinni Lettieri           Anthony Greco            Eric Robinson            40     1   2  2  
 2 Lane Pederson            Kevin Porter             Justin Kirkland          30     1   2  2  
 3 Jansen Harkins           Jonah Gadjovich          Vinni Lettieri           20     1   2  2  
 4 Beck Malenstyn           Connor Dewar             Lane Pederson            10     1   2  2  

5 vs 5 Defense 
   Defense                  Defense                                           Time % Phy DF OF 
 1 Trevor Carrick           Roland McKeown                                    40     1   2  2  
 2 Tobias Bjornfot          Dylan Coghlan                                     30     1   2  2  
 3 Jake Bischoff            Wiley Sherman                                     20     1   2  2  
 4 Trevor Carrick           Roland McKeown                                    10     1   2  2  

PowerPlay Forward 
   Center                   Left Wing                Right Wing               Time % Phy DF OF 
 1 Vinni Lettieri           Anthony Greco            Eric Robinson            60     1   2  2  
 2 Lane Pederson            Kevin Porter             Justin Kirkland          40     1   2  2  

PowerPlay Defense
   Defense                  Defense                                           Time % Phy DF OF 
 1 Trevor Carrick           Roland McKeown                                    60     1   2  2  
 2 Tobias Bjornfot          Dylan Coghlan                                     40     1   2  2  

Penalty Kill 4 Players Forward 
   Center                   Wing                     Time % Phy DF OF 
 1 Vinni Lettieri           Lane Pederson            60     1   2  2  
 2 Anthony Greco            Eric Robinson            40     1   2  2  

Penalty Kill 4 Players Defense
   Defense                  Defense                  Time % Phy DF OF 
 1 Trevor Carrick           Roland McKeown           60     1   2  2  
 2 Tobias Bjornfot          Dylan Coghlan            40     1   2  2  

Penalty Kill - 3 Players Forward 
   Forward                                           Time % Phy DF OF 
 1 Vinni Lettieri                                    60     1   2  2  
 2 Lane Pederson                                     40     1   2  2  

Penalty Kill - 3 Players Defense
   Defense                  Defense                  Time % Phy DF OF 
 1 Trevor Carrick           Roland McKeown           60     1   2  2  
 2 Tobias Bjornfot          Dylan Coghlan            40     1   2  2  

4 vs 4 Forward 
   Center                   Wing                     Time % Phy DF OF 
 1 Vinni Lettieri           Lane Pederson            60     1   2  2  
 2 Anthony Greco            Eric Robinson            40     1   2  2  

4 vs 4 Defense
   Defense                  Defense                  Time % Phy DF OF 
 1 Trevor Carrick           Roland McKeown           60     1   2  2  
 2 Tobias Bjornfot          Dylan Coghlan            40     1   2  2  

Last Minutes Offensive
   Center                   Left Wing                Right Wing               Defense                  Defense                  
   Vinni Lettieri           Anthony Greco            Eric Robinson            Trevor Carrick           Roland McKeown           

Last Minutes Defensive
   Center                   Left Wing                Right Wing               Defense                  Defense                  
   Vinni Lettieri           Anthony Greco            Eric Robinson            Trevor Carrick           Roland McKeown           

Goaltenders
Starting : Jon Gillies              
Backup : Cory Schneider           

Extra Forwards
Normal : Brandon Gignac, Ben Jones, Jansen Harkins - PP : Brandon Gignac, Ben Jones - PK : Jansen Harkins
Extra Defensemen
Normal : Jake Bischoff, Wiley Sherman, Tobias Bjornfot - PP : Jake Bischoff - PK : Wiley Sherman, Tobias Bjornfot
Penalty Shots
Vinni Lettieri, Lane Pederson, Anthony Greco, Eric Robinson, Kevin Porter

Scratches
Gabriel Fontaine (Healthy), Mark Friedman (Healthy), Mitch Eliot (Healthy), Matteo Gennaro (Healthy), David Quenneville (Healthy)
Jake Massie (Healthy), Keegan Kanzig (Healthy), Joseph Cecconi (Healthy)

Toronto Marlies

5 vs 5 Forward 
   Center                   Left Wing                Right Wing               Time % Phy DF OF 
 1 Nick Shore               Nathan Walker            Michael McCarron         40     1   2  2  
 2 Carter Camper            Matthew Highmore         Evgeny Svechnikov        30     1   2  2  
 3 Anthony Louis            Mason Marchment          Nick Shore               20     1   2  2  
 4 Carter Camper            Michael Mersch           Michael McCarron         10     1   2  2  

5 vs 5 Defense 
   Defense                  Defense                                           Time % Phy DF OF 
 1 Fredrik Claesson         Timothy Liljegren                                 40     1   2  2  
 2 Rinat Valiev             Andrew MacWilliam                                 30     1   2  2  
 3 Ryan Stanton             Vili Saarijarvi                                   20     1   2  2  
 4 Keegan Lowe              Nicolas Meloche                                   10     1   2  2  

PowerPlay Forward 
   Center                   Left Wing                Right Wing               Time % Phy DF OF 
 1 Nick Shore               Nathan Walker            Michael McCarron         60     1   2  2  
 2 Carter Camper            Matthew Highmore         Evgeny Svechnikov        40     1   2  2  

PowerPlay Defense
   Defense                  Defense                                           Time % Phy DF OF 
 1 Fredrik Claesson         Timothy Liljegren                                 60     1   2  2  
 2 Rinat Valiev             Andrew MacWilliam                                 40     1   2  2  

Penalty Kill 4 Players Forward 
   Center                   Wing                     Time % Phy DF OF 
 1 Nick Shore               Carter Camper            60     1   2  2  
 2 Michael McCarron         Nathan Walker            40     1   2  2  

Penalty Kill 4 Players Defense
   Defense                  Defense                  Time % Phy DF OF 
 1 Fredrik Claesson         Timothy Liljegren        60     1   2  2  
 2 Rinat Valiev             Andrew MacWilliam        40     1   2  2  

Penalty Kill - 3 Players Forward 
   Forward                                           Time % Phy DF OF 
 1 Nick Shore                                        60     1   2  2  
 2 Carter Camper                                     40     1   2  2  

Penalty Kill - 3 Players Defense
   Defense                  Defense                  Time % Phy DF OF 
 1 Fredrik Claesson         Timothy Liljegren        60     1   2  2  
 2 Rinat Valiev             Andrew MacWilliam        40     1   2  2  

4 vs 4 Forward 
   Center                   Wing                     Time % Phy DF OF 
 1 Nick Shore               Carter Camper            60     1   2  2  
 2 Michael McCarron         Nathan Walker            40     1   2  2  

4 vs 4 Defense
   Defense                  Defense                  Time % Phy DF OF 
 1 Fredrik Claesson         Timothy Liljegren        60     1   2  2  
 2 Rinat Valiev             Andrew MacWilliam        40     1   2  2  

Last Minutes Offensive
   Center                   Left Wing                Right Wing               Defense                  Defense                  
   Nick Shore               Nathan Walker            Michael McCarron         Fredrik Claesson         Timothy Liljegren        

Last Minutes Defensive
   Center                   Left Wing                Right Wing               Defense                  Defense                  
   Nick Shore               Nathan Walker            Michael McCarron         Fredrik Claesson         Timothy Liljegren        

Goaltenders
Starting : Spencer Martin           
Backup : Unknown Goalie           

Extra Forwards
Normal : Mason Marchment, Anthony Louis, Michael Mersch - PP : Mason Marchment, Anthony Louis - PK : Michael Mersch
Extra Defensemen
Normal : Ben Gleason, Ryan Stanton, Vili Saarijarvi - PP : Ben Gleason - PK : Ryan Stanton, Vili Saarijarvi
Penalty Shots
Nick Shore, Carter Camper, Michael McCarron, Nathan Walker, Matthew Highmore

Scratches
Emile Poirier (Healthy), Ryan Horvat (Healthy), Evan Polei (Healthy), Zac Leslie (Healthy), Josiah Didier (Healthy)
Brandon Hickey (Healthy), Matt Petgrave (Healthy), Nolan Vesey (Healthy)

% Time on Ice - Binghampton Senators

Lines # - Real PCT - Wanted PCT - Time Play
Normal Forward
1 - 33% - 40% - 19:41
2 - 27% - 30% - 16:24
3 - 20% - 20% - 11:57
4 - 20% - 10% - 11:58
Normal Defense
1 - 35% - 40% - 20:55
2 - 34% - 30% - 20:07
3 - 26% - 20% - 15:24
4 - 6% - 10% - 3:34
PP Forward
1 - 0% - 60%
2 - 0% - 40%
PP Defense
1 - 0% - 60%
2 - 0% - 40%
PK Forward
1 - 0% - 60%
2 - 0% - 40%
PK Defense
1 - 0% - 60%
2 - 0% - 40%
PK3 Forward
1 - 0% - 60%
2 - 0% - 40%
PK3 Defense
1 - 0% - 60%
2 - 0% - 40%
44 Forward
1 - 0% - 60%
2 - 0% - 40%
44 Defense
1 - 0% - 60%
2 - 0% - 40%
Last Minute Offensive  - 0:00
Last Minute Defensive  - 0:00
Total
Forward - 60:00
Defense - 60:00

% Time on Ice - Toronto Marlies

Lines # - Real PCT - Wanted PCT - Time Play
Normal Forward
1 - 35% - 40% - 20:51
2 - 30% - 30% - 17:49
3 - 22% - 20% - 13:22
4 - 13% - 10% - 7:58
Normal Defense
1 - 37% - 40% - 22:12
2 - 28% - 30% - 16:48
3 - 19% - 20% - 11:25
4 - 16% - 10% - 9:35
PP Forward
1 - 0% - 60%
2 - 0% - 40%
PP Defense
1 - 0% - 60%
2 - 0% - 40%
PK Forward
1 - 0% - 60%
2 - 0% - 40%
PK Defense
1 - 0% - 60%
2 - 0% - 40%
PK3 Forward
1 - 0% - 60%
2 - 0% - 40%
PK3 Defense
1 - 0% - 60%
2 - 0% - 40%
44 Forward
1 - 0% - 60%
2 - 0% - 40%
44 Defense
1 - 0% - 60%
2 - 0% - 40%
Last Minute Offensive  - 0:00
Last Minute Defensive  - 0:00
Total
Forward - 60:00
Defense - 60:00

Play-by-Play

1st period


0:01 of 1st period - Nick Shore wins face-off versus Anthony Greco in neutral zone.
1:38 of 1st period - Nathan Walker is hit by Tobias Bjornfot and loses puck.
2:15 of 1st period - Vinni Lettieri is hit by Nick Shore and loses puck.
2:23 of 1st period - Icing by Jake Bischoff.
2:24 of 1st period - Carter Camper wins face-off versus Lane Pederson in Binghampton Senators zone.
3:06 of 1st period - Icing by Rinat Valiev.
3:07 of 1st period - Mason Marchment wins face-off versus Jansen Harkins in Toronto Marlies zone.
3:14 of 1st period - Snap shot by Mason Marchment.
3:14 of 1st period - Shot Blocked by Trevor Carrick.
3:16 of 1st period - Slapshot by Evgeny Svechnikov.
3:16 of 1st period - Stopped by Jon Gillies without a rebound.
3:17 of 1st period - Lane Pederson wins face-off versus Nick Shore in Binghampton Senators zone.
3:23 of 1st period - Trevor Carrick beats up Andrew MacWilliam.
3:23 of 1st period - Penalty to Andrew MacWilliam for Fighting.
3:23 of 1st period - Penalty to Trevor Carrick for Fighting.
3:24 of 1st period - Vinni Lettieri wins face-off versus Nick Shore in Toronto Marlies zone.
4:13 of 1st period - Snap shot by Jansen Harkins.
4:13 of 1st period - Stopped by Spencer Martin without a rebound.
4:14 of 1st period - Anthony Louis wins face-off versus Vinni Lettieri in Toronto Marlies zone.
4:46 of 1st period - Backhand shot by Michael McCarron.
4:46 of 1st period - Stopped by Jon Gillies with a rebound.
4:52 of 1st period - Tobias Bjornfot is hit by Michael McCarron and loses puck.
5:28 of 1st period - Kevin Porter is hit by Ryan Stanton and loses puck.
5:59 of 1st period - Wrist shot by Lane Pederson.
5:59 of 1st period - Shot Misses the Net.
6:01 of 1st period - Snap shot by Lane Pederson.
6:01 of 1st period - Stopped by Spencer Martin with a rebound.
6:03 of 1st period - Wrist shot by Justin Kirkland.
6:03 of 1st period - Stopped by Spencer Martin with a rebound.
6:05 of 1st period - Wrist shot by Kevin Porter.
6:05 of 1st period - Shot Blocked by Keegan Lowe.
6:07 of 1st period - Snap shot by Kevin Porter.
6:07 of 1st period - Shot Blocked by Michael McCarron.
6:09 of 1st period - Slapshot by Lane Pederson.
6:09 of 1st period - Shot Misses the Net.
6:15 of 1st period - Slapshot by Lane Pederson.
6:15 of 1st period - Stopped by Spencer Martin without a rebound.
6:16 of 1st period - Nick Shore wins face-off versus Vinni Lettieri in Toronto Marlies zone.
6:25 of 1st period - Wrist shot by Eric Robinson.
6:25 of 1st period - Shot Misses the Net.
6:41 of 1st period - Vinni Lettieri is hit by Rinat Valiev and loses puck.
9:40 of 1st period - Icing by Jake Bischoff.
9:41 of 1st period - Ben Jones wins face-off versus Carter Camper in Binghampton Senators zone.
9:41 of 1st period - Ben Jones is hit by Michael McCarron.
10:06 of 1st period - Carter Camper is hit by Kevin Porter and loses puck.
11:51 of 1st period - Vinni Lettieri is hit by Mason Marchment and loses puck.
12:47 of 1st period - Timothy Liljegren is hit by Jake Bischoff and loses puck.
13:23 of 1st period - Icing by Michael Mersch.
13:24 of 1st period - Anthony Louis wins face-off versus Jonah Gadjovich in Toronto Marlies zone.
14:25 of 1st period - Tobias Bjornfot is hit by Matthew Highmore.
16:21 of 1st period - Snap shot by Lane Pederson.
16:21 of 1st period - Shot Misses the Net.
16:23 of 1st period - Snap shot by Kevin Porter.
16:23 of 1st period - Goal by Kevin Porter - Binghampton Senators : 1 - Toronto Marlies : 0.
16:24 of 1st period - Evgeny Svechnikov wins face-off versus Lane Pederson in neutral zone.
16:55 of 1st period - Off-side.
16:56 of 1st period - Vinni Lettieri wins face-off versus Michael McCarron in neutral zone.
17:26 of 1st period - Snap shot by Nathan Walker.
17:26 of 1st period - Shot Blocked by Connor Dewar.
17:28 of 1st period - Wrist shot by Michael McCarron.
17:28 of 1st period - Deflect By Nick Shore.
17:28 of 1st period - Shot Misses the Net.
17:28 of 1st period - Puck is out of play.
17:29 of 1st period - Beck Malenstyn wins face-off versus Carter Camper in Binghampton Senators zone.
17:54 of 1st period - Nick Shore is hit by Eric Robinson and loses puck.
17:59 of 1st period - Snap shot by Anthony Greco.
17:59 of 1st period - Shot Blocked by Anthony Louis.
18:01 of 1st period - Snap shot by Anthony Greco.
18:01 of 1st period - Deflect By Eric Robinson.
18:01 of 1st period - Stopped by Spencer Martin without a rebound.
18:02 of 1st period - Vinni Lettieri wins face-off versus Matthew Highmore in Toronto Marlies zone.
18:33 of 1st period - Snap shot by Nick Shore.
18:33 of 1st period - Shot Misses the Net.
18:35 of 1st period - Slapshot by Vili Saarijarvi.
18:35 of 1st period - Shot Blocked by Kevin Porter.
18:37 of 1st period - Snap shot by Nathan Walker.
18:37 of 1st period - Goal by Nathan Walker - Binghampton Senators : 1 - Toronto Marlies : 1.
18:38 of 1st period - Nick Shore wins face-off versus Vinni Lettieri in neutral zone.
19:26 of 1st period - Vinni Lettieri is hit by Nick Shore and loses puck.
Goals for this period are 1 for Binghampton Senators vs 1 for Toronto Marlies.
Shots for this period are 6 for Binghampton Senators vs 3 for Toronto Marlies.

2nd period


0:01 of 2nd period - Vinni Lettieri wins face-off versus Nick Shore in neutral zone.
0:11 of 2nd period - Snap shot by Nathan Walker.
0:11 of 2nd period - Stopped by Jon Gillies with a rebound.
0:13 of 2nd period - Slapshot by Fredrik Claesson.
0:13 of 2nd period - Stopped by Jon Gillies without a rebound.
0:14 of 2nd period - Vinni Lettieri wins face-off versus Nick Shore in Binghampton Senators zone.
0:27 of 2nd period - Wrist shot by Vinni Lettieri.
0:27 of 2nd period - Shot Blocked by Fredrik Claesson.
0:29 of 2nd period - Snap shot by Vinni Lettieri.
0:29 of 2nd period - Shot Misses the Net.
1:02 of 2nd period - Nick Shore is hit by Tobias Bjornfot.
1:35 of 2nd period - Lane Pederson beats up Carter Camper.
1:35 of 2nd period - Penalty to Carter Camper for Fighting.
1:35 of 2nd period - Penalty to Lane Pederson for Fighting.
1:36 of 2nd period - Vinni Lettieri wins face-off versus Nick Shore in Toronto Marlies zone.
1:39 of 2nd period - Wrist shot by Eric Robinson.
1:39 of 2nd period - Shot Blocked by Fredrik Claesson.
2:01 of 2nd period - Kevin Porter is hit by Mason Marchment and loses puck.
2:10 of 2nd period - Snap shot by Evgeny Svechnikov.
2:10 of 2nd period - Stopped by Jon Gillies without a rebound.
2:11 of 2nd period - Vinni Lettieri wins face-off versus Nick Shore in Binghampton Senators zone.
2:11 of 2nd period - Vinni Lettieri is hit by Michael McCarron.
2:27 of 2nd period - Wrist shot by Vinni Lettieri.
2:27 of 2nd period - Stopped by Spencer Martin with a rebound.
2:37 of 2nd period - Dylan Coghlan is hit by Matthew Highmore.
3:11 of 2nd period - Slapshot by Kevin Porter.
3:11 of 2nd period - Goal by Kevin Porter - Binghampton Senators : 2 - Toronto Marlies : 1.
3:12 of 2nd period - Vinni Lettieri wins face-off versus Nick Shore in neutral zone.
3:25 of 2nd period - Wrist shot by Nick Shore.
3:25 of 2nd period - Deflect By Michael McCarron.
3:25 of 2nd period - Stopped by Jon Gillies with a rebound.
3:27 of 2nd period - Slapshot by Michael McCarron.
3:27 of 2nd period - Shot Blocked by Eric Robinson.
3:39 of 2nd period - Icing by Matthew Highmore.
3:40 of 2nd period - Mason Marchment wins face-off versus Brandon Gignac in Toronto Marlies zone.
3:49 of 2nd period - Snap shot by Matthew Highmore.
3:49 of 2nd period - Shot Blocked by Jake Bischoff.
3:51 of 2nd period - Slapshot by Matthew Highmore.
3:51 of 2nd period - Shot Misses the Net.
3:53 of 2nd period - Snap shot by Matthew Highmore.
3:53 of 2nd period - Stopped by Jon Gillies without a rebound.
3:54 of 2nd period - Vinni Lettieri wins face-off versus Nick Shore in Binghampton Senators zone.
3:54 of 2nd period - Vinni Lettieri is hit by Nathan Walker.
4:10 of 2nd period - Backhand shot by Anthony Greco.
4:10 of 2nd period - Shot Blocked by Fredrik Claesson.
4:28 of 2nd period - Kevin Porter is hit by Matthew Highmore and loses puck.
5:03 of 2nd period - Wrist shot by Eric Robinson.
5:03 of 2nd period - Shot Misses the Net.
5:05 of 2nd period - Slapshot by Roland McKeown.
5:05 of 2nd period - Deflect By Eric Robinson.
5:05 of 2nd period - Shot Misses the Net.
5:05 of 2nd period - Puck is out of play.
5:06 of 2nd period - Nick Shore wins face-off versus Vinni Lettieri in Toronto Marlies zone.
5:13 of 2nd period - Wrist shot by Nick Shore.
5:13 of 2nd period - Shot Blocked by Anthony Greco.
5:48 of 2nd period - Snap shot by Vinni Lettieri.
5:48 of 2nd period - Shot Misses the Net.
5:50 of 2nd period - Backhand shot by Anthony Greco.
5:50 of 2nd period - Shot Misses the Net.
6:02 of 2nd period - Slapshot by Justin Kirkland.
6:02 of 2nd period - Goal by Justin Kirkland - Binghampton Senators : 3 - Toronto Marlies : 1.
6:03 of 2nd period - Nick Shore wins face-off versus Brandon Gignac in neutral zone.
6:06 of 2nd period - Backhand shot by Nathan Walker.
6:06 of 2nd period - Shot Misses the Net.
6:08 of 2nd period - Snap shot by Nick Shore.
6:08 of 2nd period - Stopped by Jon Gillies without a rebound.
6:09 of 2nd period - Nick Shore wins face-off versus Brandon Gignac in Binghampton Senators zone.
6:22 of 2nd period - Slapshot by Trevor Carrick.
6:22 of 2nd period - Stopped by Spencer Martin without a rebound.
6:23 of 2nd period - Vinni Lettieri wins face-off versus Nathan Walker in Toronto Marlies zone.
6:28 of 2nd period - Snap shot by Vinni Lettieri.
6:28 of 2nd period - Shot Misses the Net.
6:30 of 2nd period - Snap shot by Anthony Greco.
6:30 of 2nd period - Shot Misses the Net.
6:32 of 2nd period - Slapshot by Roland McKeown.
6:32 of 2nd period - Shot Misses the Net.
6:34 of 2nd period - Slapshot by Vinni Lettieri.
6:34 of 2nd period - Deflect By Andrew MacWilliam.
6:34 of 2nd period - Shot Misses the Net.
6:34 of 2nd period - Puck is out of play.
6:35 of 2nd period - Nick Shore wins face-off versus Vinni Lettieri in Toronto Marlies zone.
6:40 of 2nd period - Slapshot by Michael McCarron.
6:40 of 2nd period - Stopped by Jon Gillies without a rebound.
6:41 of 2nd period - Vinni Lettieri wins face-off versus Nick Shore in Binghampton Senators zone.
7:48 of 2nd period - Snap shot by Connor Dewar.
7:48 of 2nd period - Shot Misses the Net.
7:56 of 2nd period - Wrist shot by Nick Shore.
7:56 of 2nd period - Stopped by Jon Gillies with a rebound.
7:58 of 2nd period - Slapshot by Timothy Liljegren.
7:58 of 2nd period - Deflect By Anthony Louis.
7:58 of 2nd period - Stopped by Jon Gillies with a rebound.
8:02 of 2nd period - Snap shot by Nick Shore.
8:02 of 2nd period - Stopped by Jon Gillies without a rebound.
8:03 of 2nd period - Carter Camper wins face-off versus Vinni Lettieri in Binghampton Senators zone.
8:06 of 2nd period - Snap shot by Evgeny Svechnikov.
8:06 of 2nd period - Shot Blocked by Trevor Carrick.
8:08 of 2nd period - Snap shot by Carter Camper.
8:08 of 2nd period - Stopped by Jon Gillies with a rebound.
8:10 of 2nd period - Snap shot by Matthew Highmore.
8:10 of 2nd period - Shot Blocked by Trevor Carrick.
8:12 of 2nd period - Snap shot by Andrew MacWilliam.
8:12 of 2nd period - Deflect By Trevor Carrick.
8:12 of 2nd period - Stopped by Jon Gillies without a rebound.
8:13 of 2nd period - Carter Camper wins face-off versus Lane Pederson in Binghampton Senators zone.
8:14 of 2nd period - Wrist shot by Matthew Highmore.
8:14 of 2nd period - Shot Blocked by Trevor Carrick.
8:16 of 2nd period - Slapshot by Evgeny Svechnikov.
8:16 of 2nd period - Shot Misses the Net.
8:18 of 2nd period - Slapshot by Matthew Highmore.
8:18 of 2nd period - Stopped by Jon Gillies with a rebound.
8:20 of 2nd period - Slapshot by Rinat Valiev.
8:20 of 2nd period - Deflect By Matthew Highmore.
8:20 of 2nd period - Shot Blocked by Trevor Carrick.
8:20 of 2nd period - Puck is out of play.
8:21 of 2nd period - Carter Camper wins face-off versus Lane Pederson in Binghampton Senators zone.
8:37 of 2nd period - Wrist shot by Lane Pederson.
8:37 of 2nd period - Goal by Lane Pederson - Binghampton Senators : 4 - Toronto Marlies : 1.
8:37 of 2nd period - Unknown Goalie enters game.
8:38 of 2nd period - Vinni Lettieri wins face-off versus Nick Shore in neutral zone.
8:43 of 2nd period - Snap shot by Vinni Lettieri.
8:43 of 2nd period - Deflect By Eric Robinson.
8:43 of 2nd period - Stopped by Unknown Goalie with a rebound.
8:56 of 2nd period - Michael McCarron beats up Vinni Lettieri.
8:56 of 2nd period - Penalty to Michael McCarron for Fighting.
8:56 of 2nd period - Penalty to Vinni Lettieri for Fighting.
8:57 of 2nd period - Nick Shore wins face-off versus Jansen Harkins in neutral zone.
9:44 of 2nd period - Slapshot by Connor Dewar.
9:44 of 2nd period - Shot Misses the Net.
9:46 of 2nd period - Wrist shot by Lane Pederson.
9:46 of 2nd period - Shot Blocked by Carter Camper.
9:48 of 2nd period - Snap shot by Connor Dewar.
9:48 of 2nd period - Stopped by Unknown Goalie with a rebound.
9:50 of 2nd period - Snap shot by Lane Pederson.
9:50 of 2nd period - Shot Misses the Net.
10:31 of 2nd period - Snap shot by Michael Mersch.
10:31 of 2nd period - Shot Blocked by Dylan Coghlan.
10:33 of 2nd period - Wrist shot by Michael Mersch.
10:33 of 2nd period - Shot Misses the Net.
10:43 of 2nd period - Wrist shot by Jonah Gadjovich.
10:43 of 2nd period - Stopped by Unknown Goalie with a rebound.
12:04 of 2nd period - Nathan Walker is hit by Ben Jones.
12:14 of 2nd period - Anthony Louis is hit by Wiley Sherman and loses puck.
12:27 of 2nd period - Snap shot by Connor Dewar.
12:27 of 2nd period - Goal by Connor Dewar - Binghampton Senators : 5 - Toronto Marlies : 1.
12:28 of 2nd period - Nick Shore wins face-off versus Brandon Gignac in neutral zone.
12:33 of 2nd period - Eric Robinson is hit by Nathan Walker and loses puck.
12:51 of 2nd period - Trevor Carrick is hit by Timothy Liljegren and loses puck.
13:10 of 2nd period - Snap shot by Nick Shore.
13:10 of 2nd period - Shot Misses the Net.
13:31 of 2nd period - Snap shot by Lane Pederson.
13:31 of 2nd period - Shot Blocked by Rinat Valiev.
13:55 of 2nd period - Matthew Highmore is hit by Beck Malenstyn and loses puck.
14:31 of 2nd period - Fredrik Claesson is hit by Jonah Gadjovich and loses puck.
16:27 of 2nd period - Nathan Walker is hit by Jonah Gadjovich and loses puck.
17:53 of 2nd period - Anthony Louis is hit by Jansen Harkins and loses puck.
18:40 of 2nd period - Off-side.
18:41 of 2nd period - Beck Malenstyn wins face-off versus Matthew Highmore in neutral zone.
18:46 of 2nd period - Wrist shot by Connor Dewar.
18:46 of 2nd period - Shot Misses the Net.
18:52 of 2nd period - Tobias Bjornfot is hit by Andrew MacWilliam and loses puck.
19:13 of 2nd period - Michael McCarron is hit by Anthony Greco and loses puck.
19:58 of 2nd period - Matthew Highmore is hit by Beck Malenstyn and loses puck.
Goals for this period are 4 for Binghampton Senators vs 0 for Toronto Marlies.
Shots for this period are 9 for Binghampton Senators vs 13 for Toronto Marlies.

3rd period


0:01 of 3rd period - Anthony Greco wins face-off versus Nick Shore in neutral zone.
0:08 of 3rd period - Slapshot by Nathan Walker.
0:08 of 3rd period - Stopped by Jon Gillies without a rebound.
0:09 of 3rd period - Vinni Lettieri wins face-off versus Nick Shore in Binghampton Senators zone.
0:14 of 3rd period - Michael McCarron is hit by Vinni Lettieri and loses puck.
1:42 of 3rd period - Snap shot by Eric Robinson.
1:42 of 3rd period - Stopped by Unknown Goalie with a rebound.
1:44 of 3rd period - Slapshot by Trevor Carrick.
1:44 of 3rd period - Shot Misses the Net.
1:46 of 3rd period - Wrist shot by Vinni Lettieri.
1:46 of 3rd period - Stopped by Unknown Goalie with a rebound.
1:48 of 3rd period - Snap shot by Anthony Greco.
1:48 of 3rd period - Stopped by Unknown Goalie without a rebound.
1:49 of 3rd period - Lane Pederson wins face-off versus Carter Camper in Toronto Marlies zone.
2:25 of 3rd period - Carter Camper is hit by Beck Malenstyn and loses puck.
2:52 of 3rd period - Wrist shot by Jonah Gadjovich.
2:52 of 3rd period - Shot Blocked by Rinat Valiev.
2:54 of 3rd period - Snap shot by Jonah Gadjovich.
2:54 of 3rd period - Shot Misses the Net.
2:56 of 3rd period - Slapshot by Jansen Harkins.
2:56 of 3rd period - Stopped by Unknown Goalie with a rebound.
2:58 of 3rd period - Slapshot by Dylan Coghlan.
2:58 of 3rd period - Stopped by Unknown Goalie with a rebound.
3:00 of 3rd period - Wrist shot by Jonah Gadjovich.
3:00 of 3rd period - Stopped by Unknown Goalie with a rebound.
6:22 of 3rd period - Evgeny Svechnikov is hit by Tobias Bjornfot and loses puck.
6:35 of 3rd period - Anthony Louis is hit by Anthony Greco and loses puck.
8:41 of 3rd period - Carter Camper is hit by Justin Kirkland and loses puck.
9:00 of 3rd period - Nick Shore is hit by Anthony Greco and loses puck.
9:15 of 3rd period - Michael McCarron is hit by Lane Pederson and loses puck.
10:35 of 3rd period - Icing by Kevin Porter.
10:36 of 3rd period - Mason Marchment wins face-off versus Lane Pederson in Binghampton Senators zone.
12:01 of 3rd period - Vili Saarijarvi is hit by Beck Malenstyn and loses puck.
12:09 of 3rd period - Connor Dewar is hit by Carter Camper and loses puck.
12:21 of 3rd period - Off-side.
12:22 of 3rd period - Michael Mersch wins face-off versus Jansen Harkins in neutral zone.
12:25 of 3rd period - Wrist shot by Mason Marchment.
12:25 of 3rd period - Shot Blocked by Roland McKeown.
13:01 of 3rd period - Snap shot by Eric Robinson.
13:01 of 3rd period - Stopped by Unknown Goalie with a rebound.
13:03 of 3rd period - Wrist shot by Brandon Gignac.
13:03 of 3rd period - Stopped by Unknown Goalie with a rebound.
13:05 of 3rd period - Slapshot by Brandon Gignac.
13:05 of 3rd period - Goal by Brandon Gignac - Binghampton Senators : 6 - Toronto Marlies : 1.
13:06 of 3rd period - Vinni Lettieri wins face-off versus Nick Shore in neutral zone.
13:33 of 3rd period - Timothy Liljegren is hit by Trevor Carrick and loses puck.
14:08 of 3rd period - Snap shot by Jansen Harkins.
14:08 of 3rd period - Shot Blocked by Vili Saarijarvi.
14:46 of 3rd period - Snap shot by Nathan Walker.
14:46 of 3rd period - Shot Hit the Post.
15:13 of 3rd period - Keegan Lowe is hit by Connor Dewar and loses puck.
15:32 of 3rd period - Michael Mersch is hit by Vinni Lettieri and loses puck.
16:12 of 3rd period - Snap shot by Timothy Liljegren.
16:12 of 3rd period - Deflect By Evgeny Svechnikov.
16:12 of 3rd period - Shot Misses the Net.
16:12 of 3rd period - Puck is out of play.
16:13 of 3rd period - Vinni Lettieri wins face-off versus Nick Shore in Binghampton Senators zone.
16:18 of 3rd period - Fredrik Claesson is hit by Vinni Lettieri and loses puck.
17:13 of 3rd period - Snap shot by Beck Malenstyn.
17:13 of 3rd period - Shot Misses the Net.
17:15 of 3rd period - Snap shot by Beck Malenstyn.
17:15 of 3rd period - Deflect By Brandon Gignac.
17:15 of 3rd period - Shot Blocked by Ryan Stanton.
17:15 of 3rd period - Puck is out of play.
17:16 of 3rd period - Carter Camper wins face-off versus Lane Pederson in Toronto Marlies zone.
17:16 of 3rd period - Carter Camper is hit by Lane Pederson.
17:24 of 3rd period - Wrist shot by Matthew Highmore.
17:24 of 3rd period - Stopped by Jon Gillies with a rebound.
17:47 of 3rd period - Vinni Lettieri is hit by Mason Marchment and loses puck.
18:22 of 3rd period - Snap shot by Kevin Porter.
18:22 of 3rd period - Shot Misses the Net.
18:24 of 3rd period - Wrist shot by Lane Pederson.
18:24 of 3rd period - Shot Misses the Net.
18:26 of 3rd period - Wrist shot by Kevin Porter.
18:26 of 3rd period - Stopped by Unknown Goalie with a rebound.
18:28 of 3rd period - Snap shot by Justin Kirkland.
18:28 of 3rd period - Shot Blocked by Vili Saarijarvi.
Goals for this period are 1 for Binghampton Senators vs 0 for Toronto Marlies.
Shots for this period are 10 for Binghampton Senators vs 2 for Toronto Marlies.